 Dungeon Crawl Stone Soup version 0.22.0-38-g04b72b8c25 (webtiles) character file.

441 Muumios the Skirmisher (level 6, -8/52 HPs)
             Began as a Mummy Wanderer on Aug 29, 2018.
             Mangled by an orc warrior
             ... wielding a +0 halberd
              (15 damage)
             ... on level 7 of the Dungeon.
             The game lasted 00:13:36 (5471 turns).

Muumios the Skirmisher (Mummy Wanderer)             Turns: 5471, Time: 00:13:37

Health: -8/52      AC:  8    Str: 14    XL:     6   Next: 71%
Magic:  8/8        EV:  7    Int: 17    God:
Gold:   161        SH:  7    Dex: 12    Spells: 7/7 levels left

rFire    . . .     SeeInvis .   g - +1 flail
rCold    + . .     Gourm    .   a - +0 shield
rNeg     + + +     Faith    .   p - +0 ring mail {rF+}
rPois    ∞         Spirit   .   (no helmet)
rElec    .         Reflect  .   h - +0 cloak
rCorr    .         Harm     +   n - +0 pair of gloves
MR       .....                  (no boots)
Stlth    +.........             o - amulet of harm
HPRegen  0.17/turn              l - +3 ring of intelligence
MPRegen  0.11/turn              (no ring)

@: no status effects
A: no food or potions, fire vulnerability, cold resistance 1, negative energy
resistance 3, torment resistance, unbreathing
a: no special abilities


You were on level 7 of the Dungeon.
You were not hungry.

You visited 1 branch of the dungeon, and saw 7 of its levels.

You collected 161 gold pieces.

Inventory:

Hand Weapons
 d - a +0 club
 f - a +0 mace
 g - a +1 flail (weapon)
Missiles
 c - 11 poisoned needles
 m - 2 curare-tipped needles
Armour
 a - a +0 shield (worn)
 b - a +1 ring mail
 e - a +0 scale mail
 h - a +0 cloak (worn)
 n - a +0 pair of gloves (worn)
 p - a +0 ring mail of fire resistance (worn)
Jewellery
 l - a +3 ring of intelligence (left hand)
 o - an amulet of harm (around neck)
Scrolls
 i - a scroll of random uselessness {unknown}
 j - 5 scrolls of amnesia


   Skills:
 + Level 6.2 Fighting
 * Level 2.2 Maces & Flails
   Level 1.0 Bows
 - Level 3.2 Armour
 - Level 1.5 Shields
 - Level 1.3 Spellcasting
   Level 1.5 Air Magic


You had 7 spell levels left.
You didn't know any spells.
Your spell library was empty.

Dungeon Overview and Level Annotations

Branches:
Dungeon (7/15)
 Temple: D:4-7

Altars:
Elyvilon
Qazlal
Xom
Zin

Shops:
D:2 *

Annotations:
D:4 Eustachio
D:5 Blork the orc


Innate Abilities, Weirdness & Mutations

You do not eat or drink.
Your flesh is vulnerable to fire.
You are immune to poison.
Your flesh is cold resistant. (rC+)
You are immune to negative energy. (rN+++)
You are immune to unholy pain and torment.
You can survive without breathing.


Message History

The centaur shoots an arrow.
The arrow hits you!
* * * LOW HITPOINT WARNING * * *
Found a scroll labeled YSIOZE TAQ YTZ.
You see here an arrow.
The centaur shoots an arrow.
The arrow hits you but does no damage.
You see here an arrow.
Okay, then.
A crimson imp comes into view.
The crimson imp shouts!
You see here a scroll labeled YSIOZE TAQ YTZ.
i - a scroll labeled YSIOZE TAQ YTZ The crimson imp blinks!
You block the crimson imp's attack.
Found 9 gold pieces.
You miss the crimson imp.
A ball python comes into view.
The crimson imp hits you.
* * * LOW HITPOINT WARNING * * *
The orc warrior hits you from afar with a halberd!
You die...

#.# #.# # #.#
#.##g##o#####..
#.?....o.......
###g###†####### #.
#.# # #.
#o#######.#####
#.###g##.o.@5.S...$
#g#g(.##g####.####.
#.(.####.# # ##.o#
#o# #..# #g#
##..####(#
#.c.o(((c#
#.=.####.# #...#
#.#


You could see an orc warrior, a gnoll, a crimson imp and a ball python
(wandering).

Vanquished Creatures
  A bullfrog (D:6)
  A howler monkey (D:5)
  An iguana (D:4)
  3 orc wizards (D:4)
  2 worker ants
  5 adders
  An ooze (D:1)
  5 worms
  2 dart slugs
  3 leopard geckos
  14 orcs
  3 ball pythons
  13 bats
  A giant cockroach (D:3)
  12 goblins
  6 hobgoblins
  4 jackals
  3 quokkas
  5 frilled lizards
  12 kobolds
  7 rats
104 creatures vanquished.

Notes
Turn   | Place    | Note
-------+----------+-------------------------------------------
     0 | D:1      | Muumios the Mummy Wanderer began the quest for the Orb.
     0 | D:1      | Muumios set off with: a +0 shield, a +0 ring mail, a scroll of teleportation, a +0 club
     0 | D:1      | Reached XP level 1. HP: 13/13 MP: 2/2
    56 | D:1      | Reached skill level 1 in Fighting
   210 | D:1      | Reached XP level 2. HP: 14/22 MP: 4/4
   419 | D:1      | Reached skill level 2 in Fighting
   994 | D:1      | Reached XP level 3. HP: 20/28 MP: 5/5
  1234 | D:2      | Reached skill level 3 in Fighting
  1636 | D:2      | Reached XP level 4. HP: 33/37 MP: 6/6
  1712 | D:2      | Reached skill level 4 in Fighting
  1795 | D:2      | Found Zin's Purification Station.
  1796 | D:2      | Found a glowing silver altar of Zin.
  2561 | D:3      | Noticed an ogre
  2681 | D:3      | Reached XP level 5. HP: 39/43 MP: 7/7
  3197 | D:4      | Noticed an ogre
  3277 | D:4      | Reached skill level 5 in Fighting
  3308 | D:4      | Found a white marble altar of Elyvilon.
  3507 | D:5      | Entered Level 5 of the Dungeon
  4182 | D:5      | Found a stormy altar of Qazlal.
  4184 | D:5      | Noticed Blork the orc
  4400 | D:4      | Reached XP level 6. HP: 46/52 MP: 8/8
  4434 | D:4      | Reached skill level 1 in Maces & Flails
  4744 | D:4      | Reached skill level 6 in Fighting
  5085 | D:4      | Noticed Eustachio
  5432 | D:6      | Found a shimmering altar of Xom.
  5444 | D:7      | Noticed an orc warrior
  5471 | D:7      | Mangled by an orc warrior

Skill      XL: |  1  2  3  4  5  6 |
---------------+-------------------+-----
Fighting       | 1 2 3 4 5 6 |  6.2
Maces & Flails | 2 |  2.2
Bows           | |  1.0
Armour         | |  3.2
Shields        | |  1.5
Spellcasting   | |  1.3
Air Magic      | |  1.5

Action                   |  1- 3 |  4- 6 || total
-------------------------+-------+-------++-------
Melee: Club              |   119 |       ||   119
       Mace              |    73 |   287 ||   360
       Flail             |       |   149 ||   149
  Use: Scroll            |     4 |    10 ||    14
Armor: Ring mail         |   116 |   229 ||   345
Dodge: Dodged            |    77 |   147 ||   224
Block: Shield            |    97 |   188 ||   285
